 Dungeon Sprint DCSS version 0.30.0-29-ga12c61a403 (webtiles) character file.

Game seed: 13335389852459952608

1354 boopmooplesden the Spear-Bearer (level 8, -1/86 HPs)
             Began as a Minotaur Berserker on June 20, 2023.
             Was a High Priest of Trog.
             Killed from afar by a gargoyle (22 damage)
             ... with a stone arrow
             ... in the Dungeon (Sprint IX: "|||||||||||||||||||||||||||||").
             The game lasted 00:00:54 (436 turns).

boopmooplesden the Spear-Bearer (Minotaur Berserker) Turns: 436, Time: 00:00:55

Health: -1/86      AC: 13    Str: 28    XL:     8   Next: 37%
Magic:  7/7        EV: 13    Int:  4    God:    Trog [*****.]
Gold:   0          SH:  0    Dex:  9    Spells: 7/7 levels left

rFire   . . .        k - +2 halberd (venom)
rCold   . . .        (shield currently unavailable)
rNeg    . . .        m - +1 chain mail
rPois   .            (helmet restricted)
rElec   .            l - +0 cloak
rCorr   .            (no gloves)
SInv    .            (no boots)
Will    .....        (no amulet) Stlth
                     n - +3 ring of strength
HPRegen 0.34/turn    o - +2 ring of evasion
MPRegen 0.10/turn

%: no teleportation
@: on berserk cooldown, slowed, very slow
A: horns 2, retaliatory headbutt
a: Renounce Religion, Berserk, Trog's Hand, Brothers in Arms


You were in the Dungeon.
You worshipped Trog.
Trog was extremely pleased with you.
You visited 1 branch

Inventory:

Hand Weapons
 a - a +0 spear
 k - a +2 halberd of venom (weapon)
Armour
 b - a +0 animal skin
 l - a +0 cloak (worn)
 m - a +1 chain mail (worn)
Jewellery
 n - a +3 ring of strength (left hand)
 o - a +2 ring of evasion (right hand)
Wands
 j - a wand of iceblast (10)
Scrolls
 h - 2 scrolls of blinking
Potions
 c - 5 potions of curing
 d - 3 potions of heal wounds
 e - a potion of haste
 f - 4 potions of magic
 g - a potion of berserk rage
 i - a potion of invisibility


   Skills:
 + Level 13.4 Fighting
 + Level 14.2 Polearms
 + Level 9.0 Armour
 + Level 7.2 Dodging
 + Level 1.0 Stealth


You had 7 spell levels left.
You didn't know any spells.
Your spell library was empty.

Dungeon Overview and Level Annotations

Branches:
Dungeon (1/1)

Altars:
Cheibriados
Dithmenos
Elyvilon
Fedhas
Gozag
Hepliaklqana
Kikubaaqudgha
Makhleb
Nemelex Xobeh
Okawaru
Qazlal
Ru
Sif Muna
Trog
Uskayaw
Vehumet
Wu Jian
Xom
Yredelemnul
Zin
The Shining One
Jiyva
Lugonu


Innate Abilities, Weirdness & Mutations

You have a pair of horns on your head.
You reflexively headbutt those who attack you in melee.


Message History

The wind drake flaps its wings at you. The air twists around and strikes you.
You miss the wind drake.
The wind drake is almost dead.
The wind drake bites you but does no damage.
The wind drake barely misses you.
You barely miss the wind drake. Your headbutt misses the wind drake.
The wind drake is almost dead.
The wind drake exhales a fierce blast of wind!
You are knocked back by the gust of wind.
The wind drake flaps its wings at you. The air twists around and strikes you.
The wind drake flaps its wings at you. The air twists around and strikes you.
The wind drake bites you!
You barely miss the wind drake.
The wind drake is almost dead.
The wind drake flaps its wings at you. The air twists around and strikes you.
The wind drake flaps its wings at you. The air twists around and strikes you!
You puncture the wind drake!
You kill the wind drake!
Trog accepts your kill.
Your Polearms skill increases to level 14!
Your Armour skill increases to level 9!
You hit the gargoyle but do no damage.
The gargoyle hurls a stone arrow at you.
The stone arrow hits you!
You barely miss the gargoyle. Your headbutt misses the gargoyle.
The gargoyle closely misses you.
You hit the gargoyle but do no damage. The gargoyle hits you with a +0 flail.
You slash the gargoyle! Your headbutt misses the gargoyle.
The gargoyle is moderately damaged.
The gargoyle hurls a stone arrow at you.
The stone arrow hits you!!
* * * LOW HITPOINT WARNING * * *
The gargoyle hurls a stone arrow at you.
The stone arrow hits you!!
You die... ▓▓▓▓▓▓▓▓▓▓▓▓▓▓▓▓▓▓▓▓▓▓▓▓▓ ....HDH9@.))÷)....[.)?.'_ ▓▓▓▓▓▓▓▓▓▓▓▓▓▓▓▓▓▓▓▓▓▓▓▓▓

You could see 2 manticores, an acid dragon and a gargoyle.

Vanquished Creatures
  A two-headed ogre (D)
  A wind drake (shapeshifter) (D)
  A wyvern (D)
  A vampire (D)
  An acid dragon (D)
  A wight (D)
  A howler monkey (D)
  An iguana (D)
  2 orc wizards (D)
  2 adders (D)
  A worm (D)
  A quokka (D)
  A ball python (D)
  A frilled lizard (D)
  A kobold (D)
  A rat (D)
18 creatures vanquished.

Notes
Turn   | Place    | Note
-------+----------+-------------------------------------------
     0 | D        | boopmooplesden the Minotaur Berserker began the quest for
                  | the Orb.
     0 | D        | Reached XP level 1. HP: 19/19 MP: 0/0
     7 | D        | Reached skill level 4 in Polearms
     8 | D        | Reached ** piety under Trog
    17 | D        | Noticed a howler monkey
    17 | D        | Noticed an iguana
    19 | D        | Killed an iguana
    20 | D        | Reached skill level 5 in Fighting
    20 | D        | Reached skill level 5 in Polearms
    20 | D        | Reached XP level 2. HP: 30/30 MP: 1/1
    20 | D        | Reached XP level 3. HP: 37/37 MP: 2/2
    24 | D        | Reached *** piety under Trog
    25 | D        | Reached skill level 6 in Polearms
    28 | D        | Reached skill level 7 in Polearms
    28 | D        | Reached XP level 4. HP: 47/47 MP: 3/3
    51 | D        | Found a snail-covered altar of Cheibriados.
    51 | D        | Found a shadowy altar of Dithmenos.
    51 | D        | Found a white marble altar of Elyvilon.
    51 | D        | Found a blossoming altar of Fedhas.
    51 | D        | Found an opulent altar of Gozag.
    52 | D        | Found a hazy altar of Hepliaklqana.
    53 | D        | Found a viscous altar of Jiyva.
    54 | D        | Found an ancient bone altar of Kikubaaqudgha.
    55 | D        | Found a corrupted altar of Lugonu.
    56 | D        | Found a burning altar of Makhleb.
    57 | D        | Found a sparkling altar of Nemelex Xobeh.
    58 | D        | Found an iron altar of Okawaru.
    59 | D        | Found a stormy altar of Qazlal.
    60 | D        | Found a sacrificial altar of Ru.
    61 | D        | Found a shimmering blue altar of Sif Muna.
    62 | D        | Found a bloodstained altar of Trog.
    63 | D        | Found a hide-covered altar of Uskayaw.
    64 | D        | Found a radiant altar of Vehumet.
    65 | D        | Found an ornate altar of the Wu Jian Council.
    66 | D        | Found a shimmering altar of Xom.
    67 | D        | Found a basalt altar of Yredelemnul.
    68 | D        | Found a glowing silver altar of Zin.
    69 | D        | Found a glowing golden altar of the Shining One.
   114 | D        | Noticed an acid dragon
   114 | D        | Noticed a vampire
   114 | D        | Noticed a wyvern
   114 | D        | Noticed a two-headed ogre
   121 | D        | Killed a two-headed ogre
   121 | D        | Reached **** piety under Trog
   122 | D        | Reached skill level 12 in Polearms
   122 | D        | Reached XP level 5. HP: 38/62 MP: 4/4
   122 | D        | Reached XP level 6. HP: 43/70 MP: 5/5
   122 | D        | Reached XP level 7. HP: 46/75 MP: 6/6
   124 | D        | Killed a wyvern
   125 | D        | Reached skill level 13 in Polearms
   128 | D        | Killed a vampire
   129 | D        | Reached skill level 1 in Stealth
   130 | D        | Reached XP level 8. HP: 37/85 MP: 7/7
   131 | D        | Reached ***** piety under Trog
   415 | D        | Noticed a manticore
   415 | D        | Noticed a manticore
   415 | D        | Noticed a gargoyle
   415 | D        | Noticed a fire crab
   417 | D        | Received a gift from Trog
   418 | D        | a fire crab changed into a wind drake
   418 | D        | Noticed a wind drake (shapeshifter)
   432 | D        | Killed a wind drake
   433 | D        | Reached skill level 14 in Polearms
   436 | D        | Killed from afar by a gargoyle

Illustrated notes

Levels and vault maps discovered:
D:        linesprint [early_d, line_temple, items_1, d_10, items_2, lair_1,
          lair_end, items_3, orc_1, orc_end, items_4, d_15, swamp_1, shoals_1,
          snake_1, spider_1, d_20, vaults_1, items_5, swamp_end, shoals_end,
          snake_end, spider_end, vaults_end, d_27, items_6, zot_1, zot_end,
          crypt_end, forest_end, elf_end, slime_end, tomb_end, abyss_end,
          pan_hell_end]

Skill      XL: |  1  2  3  4  5  6  7  8 |
---------------+-------------------------+-----
Fighting       | 5 7 11 12 13 | 13.4
Polearms       | 5 7 12 13 14 | 14.2
Armour         | 3 7 8 9 |  9.0
Dodging        | 3 6 7 |  7.2
Stealth        | 1 |  1.0

Action                     |  1- 3 |  4- 6 |  7- 9 || total
---------------------------+-------+-------+-------++-------
  Melee: Spear             |    15 |     3 |       ||    18
         Headbutt          |     4 |     2 |     4 ||    10
         Halberd           |       |     6 |    27 ||    33
 Invoke: Berserk           |     1 |     1 |     1 ||     3
 Armour: Chain mail        |       |       |    11 ||    11
  Dodge: Dodged            |     7 |     2 |     6 ||    15
